 Dungeon Crawl Stone Soup version 0.22.0-27-ga576289 (webtiles) character file.

292 Lew the Skirmisher (level 6, -1/39 HPs)
             Began as a Gargoyle Abyssal Knight on Aug 21, 2018.
             Was a Believer of Lugonu.
             Slain by an iguana (3 damage)
             ... on level 4 of the Dungeon.
             The game lasted 00:06:48 (2658 turns).

Lew the Skirmisher (Gargoyle Abyssal Knight)        Turns: 2658, Time: 00:06:49

Health: -1/39      AC: 20    Str: 18    XL:     6   Next: 33%
Magic:  7/7        EV:  5    Int: 12    God:    Lugonu [**....]
Gold:   213        SH:  3    Dex:  9    Spells: 5/5 levels left

rFire    + . .     SeeInvis .   a - +1 falchion
rCold    . . .     Gourm    .   m - +0 buckler
rNeg     + . .     Faith    .   k - +0 plate armour
rPois    ∞         Spirit   .   d - +0 helmet
rElec    +         Reflect  .   n - +0 cloak
rCorr    .         Harm     .   g - +0 pair of gloves
MR       .....                  (no boots)
Stlth    ..........             (no amulet)
HPRegen  0.13/turn              i - ring of protection from fire
MPRegen  0.10/turn              q - +1 ring of protection

@: no status effects
A: negative energy resistance 1, electricity resistance, unbreathing,
petrification resistance, rot immunity, AC +4
a: Depart the Abyss, Bend Space, Renounce Religion


You were on level 4 of the Dungeon.
You worshipped Lugonu.
Lugonu was pleased with you.
You were not hungry.

You visited 1 branch of the dungeon, and saw 4 of its levels.
You visited the Abyss 1 time.

You collected 213 gold pieces.

Inventory:

Hand Weapons
 a - a +1 falchion (weapon)
Armour
 d - a +0 helmet (worn)
 g - a +0 pair of gloves (worn)
 k - a +0 plate armour (worn)
 l - a +0 shield
 m - a +0 buckler (worn)
 n - a +0 cloak (worn)
Jewellery
 i - a ring of protection from fire (left hand)
 q - a +1 ring of protection (right hand)
Wands
 o - a wand of clouds (5)
Scrolls
 c - 2 scrolls of teleportation {unknown}
 f - a scroll of amnesia {unknown}
 h - 3 scrolls of noise
 r - a scroll of magic mapping {unknown}
Potions
 e - 3 potions of curing
 j - a potion of haste
Comestibles
 p - 2 rations


   Skills:
 + Level 4.7 Fighting
 + Level 3.2 Long Blades
 + Level 3.7 Armour
 + Level 2.3 Dodging
 + Level 1.5 Shields
 - Level 2.0 Invocations


You had 5 spell levels left.
You didn't know any spells.
Your spell library contained the following spells:

 Spells                   Type           Power        Failure   Level  Hunger
 Magic Dart               Conj           #...         100%        1    ##.....
 Blink                    Tloc           N/A          100%        2    ###....
 Call Imp                 Summ           #.......     100%        2    ###....
 Slow                     Hex            #.......     100%        2    ###....
 Conjure Flame            Conj/Fire      #.......     100%        3    ####...
 Mephitic Cloud           Conj/Pois/Air  #.......     100%        3    ####...


Dungeon Overview and Level Annotations

Branches:
Dungeon (4/15)
 Temple: D:4-7

Altars:
Elyvilon


Innate Abilities, Weirdness & Mutations

You are resistant to torment.
Your stone body is resilient. (AC +4)
You are immune to poison.
You resist negative energy. (rN+)
You are resistant to electric shocks. (rElec)
You can survive without breathing.
You are immune to petrification.
You are immune to rotting.


Message History

The iguana bites you but does no damage.
You hit the iguana.
The iguana is heavily wounded.
The iguana barely misses you.
You riposte.
You closely miss the iguana.
The iguana is heavily wounded.
You hit the iguana but do no damage.
The iguana is heavily wounded.
The iguana bites you but does no damage.
You hit the iguana but do no damage.
The iguana is heavily wounded.
The iguana hisses menacingly.
The iguana bites you.
* * * LOW HITPOINT WARNING * * *
You hit the iguana.
The iguana is heavily wounded.
The iguana bites you but does no damage.
You closely miss the iguana.
The iguana is heavily wounded.
The iguana bites you.
You die...

##### #### #...
.....
##########)##....##
#....@loZ.>.)......
#.######..>.#....#.
#.# #....# ...# #.#
###### ..# #.# .#
#.# # #.# #.# #.#


You could see an iguana, an orc and a bullfrog skeleton.

Vanquished Creatures
  An orc priest (D:4)
  A bullfrog skeleton (D:3)
  An iguana (D:4)
  4 gnolls (D:2)
  7 adders
  An adder skeleton (D:4)
  A worm (D:2)
  2 dart slugs
  2 leopard geckos
  9 orcs
  7 giant cockroaches
  4 goblins
  7 hobgoblins
  6 jackals
  11 kobolds
  4 quokkas (D:2)
  A ball python (D:1)
  7 bats
  5 frilled lizards
  A quokka skeleton (D:4)
  7 rats
89 creatures vanquished.

Notes
Turn   | Place    | Note
-------+----------+-------------------------------------------
     0 | Abyss:1  | Lew the Gargoyle Abyssal Knight began the quest for the Orb.
     0 | Abyss:1  | Reached XP level 1. HP: 14/14 MP: 2/2
    79 | Abyss:2  | Noticed a demonic crawler
    81 | D:1      | Escaped the Abyss
   161 | D:1      | Reached skill level 1 in Dodging
   187 | D:1      | Reached XP level 2. HP: 18/19 MP: 3/3
   232 | D:1      | Reached * piety under Lugonu
   546 | D:1      | Reached XP level 3. HP: 23/23 MP: 4/4
   793 | D:2      | Reached XP level 4. HP: 18/29 MP: 5/5
  1025 | D:2      | Reached skill level 4 in Fighting
  1146 | D:2      | Reached ** piety under Lugonu
  1240 | D:2      | Reached XP level 5. HP: 32/33 MP: 6/6
  2092 | D:3      | Reached skill level 1 in Shields
  2095 | D:3      | Found a white marble altar of Elyvilon.
  2511 | D:4      | Reached XP level 6. HP: 38/39 MP: 7/7
  2658 | D:4      | Slain by an iguana

Skill      XL: |  1  2  3  4  5 |
---------------+----------------+-----
Dodging        | 1 2 |  2.3
Long Blades    | 2 3 |  3.2
Fighting       | 4 |  4.7
Armour         | 3 |  3.7
Shields        | 1 |  1.5
Invocations    | |  2.0

Action                   |  1- 3 |  4- 6 || total
-------------------------+-------+-------++-------
Melee: Falchion          |   104 |   278 ||   382
Invok: Depart the Abyss  |     1 |       ||     1
  Use: Potion            |       |     3 ||     3
       Scroll            |       |     3 ||     3
  Eat: Chunk             |       |     3 ||     3
       Ration            |       |     1 ||     1
Armor: Leather armour    |    54 |    15 ||    69
       Plate armour      |       |   246 ||   246
Dodge: Dodged            |    89 |   118 ||   207
Block: Buckler           |       |    32 ||    32
       Rpst.: Falchion   |    29 |    46 ||    75
